AoeStats
← Phu Thuy

African Clearing

510566275Analyzed
4v4 RM · 21h ago on Oct 1, 2026· 58m 34s· 8 players
Game mode
Random Map
Map size
Large (8 player)
Population
200
Speed
Normal
Resources
Standard
Victory
Conquest
Starting age
Dark Age
Ending age
Imperial Age
RankedLock teamsTeams togetherTeam positionsShared explorationLock speedFull tech treeHidden civsTurbo modeCheats
Victory
Defeat
🇨🇳 Spanish · China
1363
+11
🇨🇳 Cumans · China
1357
+12
🇨🇳 Britons · China
1347
+12
🇭🇰 Mongols · Hong Kong SAR China
1121
+21
🇻🇳 Italians · Vietnam
1346
-18
🇻🇳 Berbers · Vietnam
1282
-15
🇻🇳 Cumans · Vietnam
1228
-13
🇻🇳 Celts · Vietnam
1162
-10
Tin's
5:27 Loom
14:55 Feudal Age
17:30 Double-Bit Axe
19:27 Horse Collar
22:51 Wheelbarrow
26:36 Castle Age
27:48 Scale Barding Armor
27:53 Forging
28:04 Bloodlines
29:24 Fletching
30:28 Padded Archer Armor
32:23 Leather Archer Armor
35:00 Heavy Plow
38:19 Chain Barding Armor
38:34 Iron Casting
37:55 Bodkin Arrow
39:05 Bow Saw
41:39 Gold Mining
41:40 Stone Mining
42:20 Thumb Ring
43:55 Ballistics
47:33 Imperial Age
45:32 Masonry
46:44 Gold Shaft Mining
45:50 Light Cavalry
47:45 Elite Steppe Lancer
47:46 Hussar
49:07 Plate Barding Armor
49:32 Blast Furnace
49:47 Two-Man Saw
49:24 Elite Genitour
52:57 Chemistry
52:29 Ring Archer Armor
55:17 Blast Furnace
kw3dsky
6:21 Loom
14:48 Feudal Age
17:41 Stone Mining
18:15 Double-Bit Axe
20:33 Castle Age
20:17 Horse Collar
25:47 Wheelbarrow
30:23 Hand Cart
37:06 Imperial Age
36:03 Fletching
36:14 Padded Archer Armor
36:23 Heavy Plow
36:47 Pikeman
37:42 Capped Ram
38:16 Elite Genitour
39:25 Bow Saw
39:50 Bodkin Arrow
40:13 Leather Archer Armor
41:07 Conscription
41:09 Ballistics
42:01 Ring Archer Armor
42:50 Chemistry
43:18 Heavy Scorpion
45:10 Halberdier
46:24 Forging
46:17 Scale Mail Armor
47:54 Iron Casting
47:17 Siege Ram
48:25 Furor Celtica
53:43 Chain Mail Armor
54:29 Blast Furnace
Phu Thuy
9:12 Loom
12:19 Feudal Age
13:42 Town Watch
15:28 Fletching
31:17 Castle Age
29:19 Double-Bit Axe
29:18 Horse Collar
30:59 Wheelbarrow
32:41 Bow Saw
32:42 Heavy Plow
33:44 Bodkin Arrow
38:27 Gold Mining
42:25 Imperial Age
40:34 Padded Archer Armor
41:23 Hand Cart
43:14 Leather Archer Armor
43:15 Thumb Ring
44:06 Bloodlines
43:56 Husbandry
44:17 Bracer
45:44 Ballistics
46:24 Chemistry
45:56 Ring Archer Armor
44:56 Light Cavalry
45:40 Elite Genitour
46:53 Pikeman
47:35 Squires
47:46 Forging
47:37 Scale Mail Armor
49:09 Iron Casting
48:43 Scale Barding Armor
48:38 Hussar
52:27 Chain Barding Armor
59:09 Crop Rotation
TanLN
7:07 Loom
11:56 Feudal Age
16:31 Castle Age
15:25 Double-Bit Axe
21:06 Fishing Lines
24:58 Bow Saw
27:12 Wheelbarrow
27:23 Fletching
28:03 Gold Mining
28:33 Bodkin Arrow
29:12 Stone Mining
34:32 Imperial Age
32:27 Gillnets
32:40 Padded Archer Armor
33:26 Stone Shaft Mining
35:00 Thumb Ring
35:07 Elite Genoese Crossbowman
36:19 Bracer
37:36 Chemistry
37:30 Ballistics
38:37 Conscription
41:42 Leather Archer Armor
45:49 Ring Archer Armor
53:18 Pirotechnia
55:32 Scale Barding Armor
55:37 Forging
57:15 Husbandry
57:26 Bloodlines
56:40 Light Cavalry
mangudai
8:52 Loom
12:21 Feudal Age
13:16 Double-Bit Axe
14:58 Horse Collar
19:58 Wheelbarrow
22:55 Castle Age
21:57 Gold Mining
23:21 Bloodlines
24:15 Bow Saw
27:19 Heavy Plow
27:39 Steppe Husbandry
30:32 Scale Barding Armor
31:18 Forging
31:36 Stone Mining
32:22 Gold Shaft Mining
31:39 Stone Mining
32:33 Chain Barding Armor
33:14 Iron Casting
35:27 Fletching
35:54 Padded Archer Armor
36:20 Fervor
40:24 Imperial Age
40:39 Elite Steppe Lancer
42:02 Plate Barding Armor
43:36 Blast Furnace
42:33 Bodkin Arrow
43:17 Hand Cart
44:04 Two-Man Saw
43:50 Crop Rotation
43:46 Leather Archer Armor
44:21 Light Cavalry
45:47 Hoardings
47:00 Hussar
50:48 Cavalier
51:01 Cavalier
51:16 Capped Ram
52:19 Ballistics
53:00 Chemistry
52:12 Masonry
52:44 Siege Ram
57:34 Paladin
58:37 Conscription
58:30 Thumb Ring
58:52 Parthian Tactics
socras
13:04 Feudal Age
11:49 Loom
17:38 Castle Age
18:57 Town Watch
21:07 Fletching
31:05 Bodkin Arrow
32:58 Padded Archer Armor
41:21 Imperial Age
39:51 Ballistics
39:57 Yeomen
41:11 Leather Archer Armor
42:32 Conscription
42:20 Bracer
43:14 Pikeman
43:54 Squires
43:40 Arson
44:38 Crossbowman
46:07 Halberdier
48:40 Elite Skirmisher
49:52 Ring Archer Armor
49:25 Scale Mail Armor
50:12 Forging
51:37 Chain Mail Armor
50:46 Capped Ram
52:49 Chemistry
54:32 Yeomen
55:10 Plate Mail Armor
55:16 Iron Casting
54:59 Gold Mining
59:12 Blast Furnace
58:59 Wheelbarrow
58:16 Double-Bit Axe
58:21 Horse Collar
碰我村民就投
4:38 Loom
14:33 Feudal Age
21:35 Castle Age
24:27 Double-Bit Axe
25:22 Bow Saw
27:21 Horse Collar
27:31 Fishing Lines
32:12 Fletching
32:22 Padded Archer Armor
33:13 Gillnets
34:25 Leather Archer Armor
34:37 Bodkin Arrow
35:59 Nomads
35:53 Gold Mining
37:07 Ballistics
37:47 Thumb Ring
37:06 Elite Skirmisher
38:30 Bloodlines
38:20 Husbandry
39:06 Gold Shaft Mining
43:44 Imperial Age
46:34 Conscription
46:28 Bracer
47:45 Wheelbarrow
47:41 Heavy Plow
48:23 Parthian Tactics
48:29 Masonry
50:47 Chemistry
50:51 Light Cavalry
52:10 Hoardings
54:41 Forging
54:36 Scale Barding Armor
54:14 Elite Mangudai
55:15 Drill
55:03 Murder Holes
56:05 Siege Engineers
56:40 Iron Casting
56:27 Chain Barding Armor
56:49 Hand Cart
赶鹿王12
13:40 Feudal Age
18:17 Castle Age
16:22 Double-Bit Axe
17:42 Horse Collar
18:27 Loom
19:17 Wheelbarrow
25:39 Gold Mining
27:51 Bow Saw
29:13 Town Watch
30:14 Padded Archer Armor
31:41 Husbandry
33:39 Heavy Plow
34:51 Leather Archer Armor
38:46 Imperial Age
37:57 Scale Barding Armor
38:04 Forging
38:13 Hand Cart
37:58 Town Patrol
39:03 Coinage
39:02 Bloodlines
38:12 Light Cavalry
39:24 Hussar
40:45 Elite Conquistador
41:45 Conscription
43:02 Two-Man Saw
42:31 Stone Mining
43:13 Chain Barding Armor
43:29 Iron Casting
43:27 Town Patrol
42:52 Cavalier
44:02 Ballistics
44:42 Chemistry
46:02 Supremacy
45:45 Inquisition
46:39 Banking
46:09 Caravan
47:40 Blast Furnace
47:15 Plate Barding Armor
46:31 Fletching
47:11 Ring Archer Armor
49:14 Guilds
55:56 Bombard Tower
55:01 Paladin
Connection lost

Rejoining the realm…

Still unreachable

The connection could not be restored.

Session expired

The server has moved on; the page needs a fresh start.